 Dungeon Crawl Stone Soup version 0.30-a0-1082-g70414cbcbb (webtiles) character file.

Game seed: 5407482700645155462

141 Adrian566 the Sneak (level 5, 0/35 HPs)
             Began as an Octopode Brigand on Apr 15, 2023.
             Slain by an orc priest
             ... wielding a +1 dagger of protection
              (2 damage)
             ... on level 2 of the Dungeon.
             The game lasted 00:02:27 (2047 turns).

Adrian566 the Sneak (Octopode Brigand)              Turns: 2047, Time: 00:02:27

Health: 0/35       AC:  1    Str: 10    XL:     5   Next: 24%
Magic:  5/5        EV: 13    Int: 14    God:
Gold:   103        SH:  0    Dex: 15    Spells: 4/4 levels left

rFire   . . .      SeeInvis .    d - +0 short sword
rCold   . . .      Faith    .    (no shield)
rNeg    . . .      Spirit   .    (helmet restricted)
rPois   .          Reflect  .    (no amulet)
rElec   .          Rampage  .    (no ring)
rCorr   .                        (no ring)
Will    .....                    (no ring)
Stlth   +++++                    (no ring)
HPRegen 0.25/turn                (no ring)
MPRegen 0.09/turn                (no ring)
                                 (no ring)
                                 (no ring)

@: no status effects
A: almost no armour, amphibious, 8 rings, camouflage 1, gelatinous body 1,
(nimble swimmer 1), tentacles
a: no special abilities


You were on level 2 of the Dungeon.
You visited 1 branch of the dungeon, and saw 3 of its levels.

You collected 103 gold pieces.

Inventory:

Hand Weapons
 a - a +2 dagger
 d - a +0 short sword (weapon)
Missiles
 b - 9 poisoned darts (quivered)
 c - 3 curare-tipped darts
Scrolls
 e - a scroll of teleportation
Potions
 f - a potion of curing
 g - a potion of degeneration {unknown}
 h - a potion of flight {unknown}
 i - a potion of attraction {unknown}


   Skills:
 + Level 2.7 Fighting
 + Level 2.7 Short Blades
 + Level 2.1 Throwing
 + Level 1.1 Dodging
 * Level 7.7 Stealth


You had 4 spell levels left.
You didn't know any spells.
Your spell library contained the following spells:

 Spells                   Type           Power      Damage    Failure   Level
 Freeze                   Ice            0%         1d3       28%         1
 Frozen Ramparts          Ice            0%         1d1       65%         3
 Hailstorm                Conj/Ice       0%         3d3       65%         3
 Portal Projectile        Hex/Tloc       0%         N/A       65%         3
 Tukima's Dance           Hex            0%         N/A       65%         3
 Blade Hands              Tmut           0%         N/A       100%        5


Dungeon Overview and Level Annotations

Branches:
Dungeon (3/15)

Altars:

Annotations:
D:3 Ijyb


Innate Abilities, Weirdness & Mutations

You cannot wear most types of armour.
You are amphibious.
You can wear up to eight rings at the same time.
Your skin changes colour to match your surroundings (Stealth+).
Your rubbery body absorbs attacks. (AC +1, EV +1)
((You are camouflaged when in or above water. (Stealth+)))
You have tentacles for arms and can constrict up to eight enemies at once.


Message History

You climb downwards.
You hear the sound of rushing water.
There is an entrance to a sewer on this level.
Hurry and find it before the portal rusts away!
Level annotation: Ijyb You hear the rusting of a very distant drain.
The orc priest shouts!
The orc shouts!
The orc misses you. The orc barely misses you.
There is a stone staircase leading up here.
You hit the orc but do no damage. You grab the orc. You constrict the orc.
The orc hits you with a +0 hand axe.
You hit the orc but do no damage. You squeeze the orc, but do no damage.
The orc is lightly wounded.
You constrict the orc. The orc barely misses you.
You hit the orc. You squeeze the orc.
You kill the orc!
The orc priest mumbles some strange prayers to Beogh against you.
Beogh smites you! The orc misses you. The orc barely misses you.
Things that are here:
a +0 hand axe; a +0 chain mail; 9 gold pieces The orc priest attacks as you move away!
The orc priest hits you with a +1 dagger of protection.
The orc hits you with a +0 mace.
* * * LOW HITPOINT WARNING * * *
There is a stone staircase leading up, spattered with blood here.
The orc priest barely misses you. The orc misses you.
You climb upwards.
There is a stone staircase leading down, spattered with blood here.
Unknown command.
You feel better.
The orc priest mumbles some strange prayers to Beogh against you.
Pain shoots through your body!
* * * LOW HITPOINT WARNING * * *
The orc hits you with a +0 mace.
* * * LOW HITPOINT WARNING * * *
You hit the orc priest but do no damage.
You grab the orc priest.
You constrict the orc priest, but do no damage.
The orc priest hits you with a +1 dagger of protection.
You die...

.# #.#######.#####..# #.#.#
#.# .# #.# #.# #..###...# #.#
.# #.# #.# #.....#### #.#
.###.#######.# #...### #.#
.........†...#####...# #.#
####.#########.......# #..
#.####...##.####..# ###
#......#....o.o...# ##########
#####.###...[@[...###.........
##.#.##.####......#######.
##..##.# #.###### #. ##.##.#
#.# #. #.##.# #.# ## #.##.#
#.# # #.##.####.#############
#.##........)..........
#.#######.#############


You could see an orc priest and an orc.

Vanquished Creatures
  4 gnolls (D:2)
  4 adders
  A dart slug (D:1)
  3 orcs
  6 ball pythons
  6 bats
  6 endoplasms
  A giant cockroach (D:2)
  5 goblins
  6 hobgoblins
  3 kobolds
  5 quokkas
  7 frilled lizards
  2 rats (D:1)
59 creatures vanquished.

Notes
Turn   | Place    | Note
-------+----------+-------------------------------------------
     0 | D:1      | Adrian566 the Octopode Brigand began the quest for the Orb.
     0 | D:1      | Reached XP level 1. HP: 14/14 MP: 1/1
    58 | D:1      | Reached XP level 2. HP: 19/19 MP: 2/2
   407 | D:1      | Reached skill level 6 in Stealth
   451 | D:1      | Reached XP level 3. HP: 19/25 MP: 3/3
  1327 | D:2      | Reached XP level 4. HP: 30/30 MP: 4/4
  1331 | D:2      | Reached skill level 7 in Stealth
  1744 | D:2      | Reached XP level 5. HP: 34/35 MP: 5/5
  1901 | D:3      | Noticed Ijyb
  1917 | D:3      | Found a faded altar of an unknown god.
  2047 | D:2      | Slain by an orc priest

Illustrated notes

Levels and vault maps discovered:
D:1:      co_arrival_square_in_a_square_in_a_square, layout_basic
D:2:      layout_loops_ring
D:3:      wander_river, layout_rooms, marbit_many_paths, fedhas_altar_4,
          portal_sewer_entry_a, chequers_ecumenical_altar_island, uniq_jessica,
          uniq_ijyb, uniq_grinder

Skill      XL: |  1  2  3  4 |
---------------+-------------+-----
Stealth        | 6 7 |  7.7
Fighting       | |  2.7
Short Blades   | |  2.7
Throwing       | |  2.1
Dodging        | |  1.1

Action                     |  1- 3 |  4- 6 || total
---------------------------+-------+-------++-------
  Melee: Dagger            |     4 |       ||     4
         Short sword       |    76 |    39 ||   115
         Constrict         |    15 |     8 ||    23
         Tentacles         |    14 |     9 ||    23
    Use: Scroll            |       |     3 ||     3
         Potion            |       |     1 ||     1
   Stab: Sleeping          |    19 |     9 ||    28
         Distracted        |     1 |     1 ||     2
 Armour: Skin              |     3 |     1 ||     4
  Dodge: Dodged            |    28 |    14 ||    42

Table legend: (Time is in decaauts)
 A = Elapsed time spent in this place.
 B = Non-inter-level travel time spent in this place.
 C = Inter-level travel time spent in this place.
 D = Time resting spent in this place.
 E = Time spent auto-exploring this place.
 F = Levels seen in this place.
 G = Mean time per level.
                   A        B        C        D        E       F      G
               +--------+--------+--------+--------+--------+-----+--------+
         Total |   2032 |   1968 |     64 |     64 |   1456 |   3 |  677.3 |
       Dungeon |   2032 |   1968 |     64 |     64 |   1456 |   3 |  677.3 |
               +--------+--------+--------+--------+--------+-----+--------+

Top non-repeatable levels by time:
     D:1: 1144 daAuts
     D:2: 794 daAuts
     D:3: 94 daAuts
